 Dungeon Crawl Stone Soup version 0.22.0-49-gab54619674 (webtiles) character file.

212 JedernureinKreuz the Conjurer (level 5, -1/37 HPs)
             Began as a Gnoll Conjurer on Sept 8, 2018.
             Slain by an orc
             ... wielding a +0 mace
              (3 damage)
             ... on level 3 of the Dungeon.
             The game lasted 00:07:26 (1384 turns).

JedernureinKreuz the Conjurer (Gnoll Conjurer)      Turns: 1384, Time: 00:07:27

Health: -1/37      AC:  3    Str: 10    XL:     5   Next: 90%
Magic:  4/12       EV: 11    Int: 19    God:
Gold:   98         SH:  7    Dex: 15    Spells: 13/14 levels left

rFire    + . .     SeeInvis .   b - +0 short sword
rCold    . . .     Gourm    .   s - +0 shield
rNeg     . . .     Faith    .   d - +0 leather armour (curse)
rPois    .         Spirit   .   (no helmet)
rElec    .         Reflect  .   (no cloak)
rCorr    .         Harm     .   (no gloves)
MR       .....                  (no boots)
Stlth    +++.......             (no amulet)
HPRegen  0.12/turn              q - ring of protection from fire
MPRegen  0.13/turn              (no ring)

@: no status effects
A: distributed training, fangs 1, strong nose
a: no special abilities


You were on level 3 of the Dungeon.
You were not hungry.

You visited 1 branch of the dungeon, and saw 3 of its levels.

You collected 98 gold pieces.

Inventory:

Hand Weapons
 b - a +0 short sword (weapon)
 k - a +2 vampiric trident
 u - a +0 scythe
 y - a +1 hand axe of flaming
Missiles
 f - 39 bolts
 g - 14 arrows
 h - 3 javelins (quivered)
 i - 33 stones
 w - 3 needles of confusion
Armour
 a - a +0 robe
 d - a cursed +0 leather armour (worn)
 s - a +0 shield (worn)
 v - a +0 robe
Jewellery
 q - a ring of protection from fire (left hand)
Scrolls
 e - a scroll of teleportation {unknown}
 m - a scroll of fog {unknown}
 n - a scroll of magic mapping {unknown}
 p - a scroll of remove curse {unknown}
 r - 4 scrolls of identify {unknown}
 t - a scroll of fear {unknown}
Potions
 j - a potion of magic {unknown}
 l - a potion of agility {unknown}
 o - 2 potions of ambrosia {unknown}
 x - a potion of haste {unknown}
Comestibles
 c - 3 rations


   Skills:
 + Level 1.6 Fighting
 + Level 1.6 Short Blades
 + Level 1.6 Long Blades
 + Level 1.6 Axes
 + Level 1.6 Maces & Flails
 + Level 1.6 Polearms
 + Level 1.6 Staves
 + Level 1.6 Slings
 + Level 1.6 Bows
 + Level 1.6 Crossbows
 + Level 1.6 Throwing
 + Level 1.6 Armour
 + Level 4.8 Dodging
 + Level 4.4 Stealth
 + Level 1.6 Shields
 + Level 1.6 Unarmed Combat
 + Level 5.2 Spellcasting
 + Level 7.2 Conjurations
 + Level 1.3 Hexes
 + Level 1.3 Charms
 + Level 1.3 Summonings
 + Level 1.3 Necromancy
 + Level 1.3 Translocations
 + Level 1.3 Transmutations
 + Level 1.3 Fire Magic
 + Level 1.3 Ice Magic
 + Level 1.3 Air Magic
 + Level 1.3 Earth Magic
 + Level 1.3 Poison Magic
 + Level 1.8 Invocations
 + Level 1.6 Evocations


You had 13 spell levels left.
You knew the following spells:

 Your Spells              Type           Power        Failure   Level  Hunger
a - Magic Dart            Conj           ####         4%          1    None

Your spell library contained the following spells:

 Spells                   Type           Power        Failure   Level  Hunger
 Searing Ray              Conj           ####..       7%          2    None
 Dazzling Spray           Conj/Hex       ###...       43%         3    ##.....
 Iskenderun's Mystic Bla  Conj           ####....     43%         4    ####...
 Force Lance              Conj/Tloc      ###.....     83%         4    ####...
 Fulminant Prism          Conj/Hex       ###.......   83%         4    ####...


Dungeon Overview and Level Annotations

Branches:
Dungeon (3/15)

Altars:


Innate Abilities, Weirdness & Mutations

Your experience applies equally to all skills.
You have very sharp teeth.
Your uncanny sense of smell can sniff out nearby items.


Message History

Casting: Magic Dart (safe; 4% risk of failure)
Confirm with . or Enter, or press ? or * to list all spells.
Aiming: Magic Dart (safe; 4% risk of failure)
Press: ? - help, Shift-Dir - straight line, f/p - orc
Aim: an orc, wielding a club (severely wounded)
The magic dart hits the orc.
You kill the orc!
You start resting.
An orc priest comes into view. It is wielding a dagger.
An orc comes into view. It is wielding a mace.
The orc shouts!
You see here an orc corpse.
The orc priest shouts!
The orc priest calls down the wrath of Beogh upon you.
Beogh smites you!
* * * LOW HITPOINT WARNING * * *
There is a stone staircase leading up here.
You can't go down here!
The orc hits you with a mace.
You die...

.∆ .... ∆ ..... ∆ ∆
..... .......#
......#..###
........o.@###
......###.o..#
#.....###..#.#
#............#####.
#.....#..##.........
#.....))..†.........
#.###.†........#...
#..............
....##########...


You could see an orc priest and an orc.

Vanquished Creatures
  Sigmund (D:2)
  An orc priest (D:3)
  A dart slug (D:1)
  A leopard gecko (D:1)
  2 orcs (D:3)
  2 goblins
  6 hobgoblins
  2 jackals (D:2)
  8 bats
  3 frilled lizards (D:2)
  2 kobolds
  6 rats
35 creatures vanquished.

Notes
Turn   | Place    | Note
-------+----------+-------------------------------------------
     0 | D:1      | JedernureinKreuz the Gnoll Conjurer began the quest for the
                  | Orb.
     0 | D:1      | Reached XP level 1. HP: 13/13 MP: 6/6
   181 | D:1      | Reached XP level 2. HP: 19/19 MP: 5/7
   836 | D:2      | Reached XP level 3. HP: 25/25 MP: 9/9
   868 | D:2      | Noticed Sigmund
   884 | D:2      | Killed Sigmund
   884 | D:2      | Reached skill level 1 in Fighting
   884 | D:2      | Reached skill level 1 in Short Blades
   884 | D:2      | Reached skill level 1 in Long Blades
   884 | D:2      | Reached skill level 1 in Axes
   884 | D:2      | Reached skill level 1 in Maces & Flails
   884 | D:2      | Reached skill level 1 in Polearms
   884 | D:2      | Reached skill level 1 in Staves
   884 | D:2      | Reached skill level 1 in Slings
   884 | D:2      | Reached skill level 1 in Bows
   884 | D:2      | Reached skill level 1 in Crossbows
   884 | D:2      | Reached skill level 1 in Throwing
   884 | D:2      | Reached skill level 1 in Armour
   884 | D:2      | Reached skill level 1 in Shields
   884 | D:2      | Reached skill level 1 in Unarmed Combat
   884 | D:2      | Reached skill level 5 in Spellcasting
   884 | D:2      | Reached skill level 1 in Hexes
   884 | D:2      | Reached skill level 1 in Charms
   884 | D:2      | Reached skill level 1 in Summonings
   884 | D:2      | Reached skill level 1 in Necromancy
   884 | D:2      | Reached skill level 1 in Translocations
   884 | D:2      | Reached skill level 1 in Transmutations
   884 | D:2      | Reached skill level 1 in Fire Magic
   884 | D:2      | Reached skill level 1 in Ice Magic
   884 | D:2      | Reached skill level 1 in Air Magic
   884 | D:2      | Reached skill level 1 in Earth Magic
   884 | D:2      | Reached skill level 1 in Poison Magic
   884 | D:2      | Reached skill level 1 in Invocations
   884 | D:2      | Reached skill level 1 in Evocations
   884 | D:2      | Reached XP level 4. HP: 28/32 MP: 4/11
   884 | D:2      | Reached XP level 5. HP: 32/37 MP: 4/12
  1384 | D:3      | Slain by an orc

Skill      XL: |  1  2  3 |
---------------+----------+-----
Fighting       | 1 |  1.6
Short Blades   | 1 |  1.6
Long Blades    | 1 |  1.6
Axes           | 1 |  1.6
Maces & Flails | 1 |  1.6
Polearms       | 1 |  1.6
Staves         | 1 |  1.6
Slings         | 1 |  1.6
Bows           | 1 |  1.6
Crossbows      | 1 |  1.6
Throwing       | 1 |  1.6
Armour         | 1 |  1.6
Shields        | 1 |  1.6
Unarmed Combat | 1 |  1.6
Spellcasting   | 5 |  5.2
Hexes          | 1 |  1.3
Charms         | 1 |  1.3
Summonings     | 1 |  1.3
Necromancy     | 1 |  1.3
Translocations | 1 |  1.3
Transmutations | 1 |  1.3
Fire Magic     | 1 |  1.3
Ice Magic      | 1 |  1.3
Air Magic      | 1 |  1.3
Earth Magic    | 1 |  1.3
Poison Magic   | 1 |  1.3
Invocations    | 1 |  1.8
Evocations     | 1 |  1.6
Dodging        | |  4.8
Stealth        | |  4.4
Conjurations   | |  7.2

Action                   |  1- 3 |  4- 6 || total
-------------------------+-------+-------++-------
Melee: Short sword       |    16 |    29 ||    45
       Bite              |       |     4 ||     4
 Cast: Magic Dart        |    30 |    15 ||    45
 Stab: Sleeping          |     4 |     1 ||     5
  Eat: Chunk             |       |     1 ||     1
Armor: Leather armour    |     4 |     8 ||    12
Dodge: Dodged            |    13 |    13 ||    26
Block: Shield            |       |     9 ||     9
